Cogmind - Beta 13 @@@ ROGUE MODE // 2024.05.12 @ 12:11:55 Player: e.v.o Result: Self-destructed Performance ------------- Evolutions (1) 500 Regions Visited (2) 400 Robots Destroyed (16) 80 Value Destroyed (447) 447 Prototype IDs (2) 40 Alien Tech Used (0) 0 Bonus (0) 0 TOTAL SCORE: 1467 Bonus ------- None Cogmind --------- Core Integrity 393/400 Matter 298/300 Energy 244/250 System Corruption 0% Temperature Cool (0) Movement Hovering (66) Location -9/Materials Parts ------- > --- POWER (1) -------- Ion Engine > --- PROPULSION (3) --- Aluminum Leg Hover Unit Hover Unit > --- UTILITY (3) ------ Heat Sink Shield Generator Hacking Suite > --- WEAPON (2) ------- Heavy EM Pulse Gun Light Assault Rifle > --- INVENTORY (5) ---- Ion Engine Small Storage Unit Light Assault Rifle Datajack Peak State ------------ > --- POWER ------------ Ion Engine > --- PROPULSION ------- Aluminum Leg Hover Unit Hover Unit > --- UTILITY ---------- Heat Sink Shield Generator Hacking Suite > --- WEAPON ----------- Heavy EM Pulse Gun Light Assault Rifle > --- INVENTORY -------- Ion Engine Small Storage Unit Datajack [Rating: 13] Favorites ----------- Power Ion Engine Engine Ion Engine Propulsion Aluminum Leg Treads Light Treads Leg Aluminum Leg Hover Unit Hover Unit Utility Small Storage Unit Device ECM Suite Storage Small Storage Unit Hackware Hacking Suite Weapon Assault Rifle Energy Gun Medium Laser Ballistic Gun Assault Rifle Build | -11 -10 -9 ------- Run | Yrd Mat Mat Slots Evolved 2 | . . 2 Power . | . . . Propulsion 1 | . . 1 Utility 1 | . . 1 Weapon . | . . . Parts Attached 30 | 6 17 7 Power 5 | 1 3 1 Engine 5 | 1 3 1 Core . | . . . Reactor . | . . . Propulsion 10 | 2 6 2 Treads 2 | 2 . . Leg 6 | . 6 . Wheel . | . . . Hover 2 | . . 2 Flight . | . . . Utility 8 | 1 5 2 Device 4 | . 2 2 Storage 3 | 1 2 . Processor . | . . . Hackware 1 | . 1 . Protection . | . . . Artifact . | . . . Weapon 7 | 2 3 2 Energy Gun 4 | . 3 1 Energy Cannon . | . . . Ballistic Gun 3 | 2 . 1 Ballistic Cannon . | . . . Launcher . | . . . Special Weapon . | . . . Impact Weapon . | . . . Slashing Weapon . | . . . Piercing Weapon . | . . . Special Melee Weapon . | . . . Unidentified Prototypes . | . . . Parts Lost 1 | . 1 . Power . | . . . Propulsion . | . . . Utility . | . . . Weapon 1 | . 1 . Highest Loss Streak 1 | . 1 . To Critical Strikes . | . . . Average Slot Usage (%) 98 | . 98 94 Engine 13 | . 14 11 Treads 11 | . 13 . Leg 14 | . 14 11 Hover 2 | . . 22 Device 8 | . 8 14 Storage 12 | . 14 2 Hackware 5 | . 4 11 Energy Gun 9 | . 8 15 Ballistic Gun 17 | . 18 6 Naked Turns . | . . . Heaviest Build 16 | 14 16 14 Greatest Support 40 | 40 40 12 Greatest Overweight (x) 3 | 3 1 1 Average Overweight (x) . | . . . Largest Inventory Capacity 8 | 8 8 8 Average Capacity 7 | 7 8 5 Most Carried 8 | 4 8 4 Average Carried 4 | 2 4 3 Final Capacity 8 | 8 8 5 Final Carried 5 | 4 5 4 Class Distribution -------------------- 78% | Mutant 21% | Scavenger-Mutant Dominant Class ---------------- Mutant | -10/Materials Scavenger-Mutant | -9/Materials Resources | -11 -10 -9 ----------- Run | Yrd Mat Mat Matter Collected 722 | 196 453 73 Remotely 171 | . 171 . Salvage Created 569 | . 534 35 Parts 32 | . 28 4 Haulers Intercepted . | . . . Recyclers Shooed . | . . . Parts Field Recycled . | . . . Retrieved Matter . | . . . Parts Self-Destructed . | . . . Prevented . | . . . Kills | -11 -10 -9 ------- Run | Yrd Mat Mat Combat Hostiles Destroyed 13 | . 10 3 Guns 10 | . 10 . AOE 3 | . . 3 Classes Destroyed 5 | . 4 1 Recycler 1 | . 1 . Operator 1 | . 1 . Watcher 1 | . 1 . Swarmer 3 | . . 3 Grunt 10 | . 10 . Best Kill Streak 3 | . 2 3 Combat Bots Only 3 | . 2 3 Max Kills in Single Turn 2 | . 1 2 Gunslinging . | . . . Exploded 2 | . . 2 Melee . | . . . Uniques/NPCs Destroyed . | . . . Combat | -11 -10 -9 -------- Run | Yrd Mat Mat Hostile Shots Fired 105 | . 96 9 Missed 27 | . 21 6 Damage Taken 994 | . 974 20 Core 148 | . 141 7 Absorbed by Shields 8 | . . 8 Core Remaining (%) 71 | 100 43 . Volleys Fired 67 | . 62 5 Largest 2 | . 2 2 Hottest 105 | . 105 65 Shots Fired 133 | . 123 10 Gun 133 | . 123 10 Cannon . | . . . Launcher . | . . . Special . | . . . Kinetic 81 | . 76 5 Thermal 47 | . 47 . Explosive . | . . . Electromagnetic 5 | . . 5 Robot Hit Streak 9 | . 9 3 Robot Miss Streak 3 | . 3 2 Penetration Max . | . . . Secondary Targets 2 | . 2 . Max Gunslinging Chain 1 | . 1 . Shots Hit Robots 79 | . 74 5 Core Hits 29 | . 26 3 Critical Kills . | . . . Critical Parts Destroyed 1 | . 1 . Critical Strikes 3 | . 3 . Burn 2 | . 2 . Destroy 1 | . 1 . Melee Attacks . | . . . Impact . | . . . Slashing . | . . . Piercing . | . . . Sneak Attacks . | . . . Combat Hostiles . | . . . Follow-up Attacks . | . . . Damage Inflicted 1152 | . 964 188 Guns 1013 | . 961 52 Cannons . | . . . Explosions 136 | . . 136 Melee . | . . . Ramming 3 | . 3 . Kinetic 649 | . 642 7 Thermal 455 | . 319 136 Explosive . | . . . Electromagnetic 45 | . . 45 Impact . | . . . Slashing . | . . . Piercing . | . . . Highest Corruption . | . . . Average Corruption . | . . . Corruption Purged . | . . . Corruption Blocked . | . . . Overload Shots . | . . . Overflow Damage . | . . . Projectiles . | . . . Explosions . | . . . Melee . | . . . Knockbacks . | . . . Impact . | . . . Kinetic . | . . . Secondary . | . . . Self-Inflicted Damage . | . . . Shots . | . . . Rammed . | . . . Targets Rammed 1 | . 1 . Kicked 1 | . 1 . Crushed . | . . . Highest Temperature 429 | . 429 4 Average Temperature 114 | . 120 1 Received Heat Transfer 624 | . 624 . Effects 1 | . 1 . Shutdowns 1 | . 1 . Siege Activations . | . . . Robots Corrupted . | . . . Combat Hostiles . | . . . Parts Fried . | . . . Impact Corruptions . | . . . Robots Melted . | . . . Combat Hostiles . | . . . Parts Melted 4 | . 4 . Heat Transferred 1189 | . 989 200 Parts Sabotaged . | . . . Parts Stolen . | . . . Parts Stripped . | . . . Power Chain Reactions 2 | . . 2 Alert | -11 -10 -9 ------- Run | Yrd Mat Mat Peak Influence 126 | . 117 126 Initial 20 | . . 20 Average 33 | . 34 44 Maximum Alert Level . | . . . Low Security (%) 100 | 100 100 100 Level 1 . | . . . Level 2 . | . . . Level 3 . | . . . Level 4 . | . . . Level 5 . | . . . High Security . | . . . Max Security . | . . . Squads Dispatched 2 | . 1 1 Investigation . | . . . Extermination . | . . . Reinforcement 2 | . 1 1 Assault . | . . . Garrison . | . . . Intercept . | . . . Searches Triggered . | . . . Construction Impeded . | . . . Haulers Reinforced . | . . . Active Scanning Responses . | . . . Cargo Convoy Interrupts . | . . . Stealth | -11 -10 -9 --------- Run | Yrd Mat Mat Distress Signals 1 | . 1 . Communications Jammed . | . . . Distress Signals . | . . . Times Spotted 25 | . 21 4 Peak Tracking Total 4 | . 4 3 Tactical Retreats 1 | . 1 . Traps | -11 -10 -9 ------- Run | Yrd Mat Mat Traps Triggered . | . . . Indirectly . | . . . Trap Hack Attempts . | . . . Triggered . | . . . Disarmed . | . . . Reprogrammed . | . . . Reused . | . . . Traps Extracted . | . . . Installed . | . . . Triggered . | . . . Machines | -11 -10 -9 ---------- Run | Yrd Mat Mat Machines Disabled . | . . . Max in Single Turn . | . . . Machines Repaired . | . . . Machines Dismantled . | . . . Machines Sabotaged . | . . . Overloaded Fab Kills . | . . . Hacking | -11 -10 -9 --------- Run | Yrd Mat Mat Machines Accessed 3 | . 3 . Terminals 2 | . 2 . Fabricators . | . . . Repair Stations . | . . . Recycling Units 1 | . 1 . Scanalyzers . | . . . Garrison Access . | . . . Total Hacks 10 | . 10 . Successful 5 | . 5 . Failed 5 | . 5 . Catastrophic . | . . . Database Lockouts . | . . . Manual 3 | . 3 . Terminals 8 | . 8 . Fabricators . | . . . Repair Stations . | . . . Recycling Units 2 | . 2 . Scanalyzers . | . . . Garrison Access . | . . . Terminal Hacks 4 | . 4 . Prototype ID Bank 1 | . 1 . Unreport Threat 1 | . 1 . Hauler Manifests 1 | . 1 . Zone Layout 1 | . 1 . Fabricator Hacks . | . . . Repair Station Hacks . | . . . Recycling Unit Hacks . | . . . Scanalyzer . | . . . Garrison Access Hacks . | . . . Unauthorized Hacks 1 | . 1 . Terminals 1 | . 1 . Operators 1 | . 1 . Fabricators . | . . . Repair Stations . | . . . Recycling Units . | . . . Scanalyzers . | . . . Garrison Access . | . . . Data Cores Recovered . | . . . Used . | . . . Hacking Detections 3 | . 3 . Full Trace Events 1 | . 1 . Feedback Events . | . . . Feedback Blocked . | . . . Robot Schematics Acquired . | . . . Robots Built . | . . . Authchips . | . . . Time . | . . . Total Robot Build Rating . | . . . Part Schematics Acquired . | . . . Parts Built . | . . . Authchips . | . . . Time . | . . . Total Part Build Rating . | . . . Parts Repaired . | . . . Time . | . . . Parts Recycled . | . . . Recycled Matter . | . . . Retrieved Matter . | . . . Retrieved Components . | . . . Parts Scanalyzed . | . . . Part Schematics Acquired . | . . . Parts Damaged . | . . . Bothacking | -11 -10 -9 ------------ Run | Yrd Mat Mat Used RIF Installer . | . . . Robots Hacked . | . . . Non-combat . | . . . Combat . | . . . Robot Hacks Applied . | . . . Relay Couplers Released . | . . . Fabnet Peak Effective % . | . . . Robots Rewired . | . . . Allies Hacked . | . . . Hacks Repelled . | . . . Allies | -11 -10 -9 -------- Run | Yrd Mat Mat Total Allies . | . . . Largest Group . | . . . Highest-Rated Group . | . . . Highest-Rated Ally . | . . . Total Orders . | . . . Ally Attacks . | . . . Total Damage . | . . . Kills . | . . . Allies Corrupted . | . . . Allies Melted . | . . . Intel | -11 -10 -9 ------- Run | Yrd Mat Mat Robot Analysis Total . | . . . Derelict Logs Recovered . | . . . Drone Launches . | . . . Drone Recoveries . | . . . Exploration | -11 -10 -9 ------------- Run | Yrd Mat Mat Turns Passed 1082 | 77 906 99 Spaces Moved 597 | 42 463 92 Core 7 | 7 . . Treads 223 | 35 188 . Legs 275 | . 275 . Wheels . | . . . Hover 92 | . . 92 Flight . | . . . Fastest Speed 50 | 50 120 66 Average Speed 128 | 154 136 74 Slowest Speed 200 | 200 190 126 Overloaded Moves . | . . . Propulsion Burnouts . | . . . Robots Hopped . | . . . Cave-ins Triggered . | . . . Exploration Rate (%) 17 | 4 41 7 Regions Visited 2 Branch Regions . Pre-discovered Areas . | . . . Known Exits Taken . | . . . Unknown Exits Taken 2 | 1 1 . Scrap Searched . | . . . Spaces Dug . | . . . Terrain Destroyed 6 | . . 6 Melee . | . . . Projectile . | . . . AOE 6 | . . 6 Terrain Rammed . | . . . Walls Destroyed . | . . . Machines Disabled . | . . . Actions | -11 -10 -9 --------- Run | Yrd Mat Mat Total 780 | 51 616 113 Wait 42 | . 42 . Move 595 | 41 462 92 Hop . | . . . Pick Up 21 | 4 13 4 Fast Attach 10 | 6 3 1 Attach 7 | . 4 3 Detach 1 | . . 1 Swap 13 | . 10 3 Drop 23 | . 19 4 Fire 67 | . 62 5 Melee . | . . . Ram . | . . . Kick 1 | . 1 . Crush . | . . . Escape Stasis . | . . . Rewire . | . . . Trap . | . . . Miscellaneous . | . . . Route ------- -11/Scrapyard -10/Materials -9/Materials History --------- Turn | Location | Event 10 | -11/Scrapyard | Discovered new exit (range 15) 78 | -11/Scrapyard | Entered Materials 311 | -10/Materials | Build established: Mutant 658 | -10/Materials | Discovered new exit (range 7) 907 | -10/Materials | Core integrity fell below 50% 984 | -10/Materials | Entered another Materials area 984 | -9/Materials | Evolved 2 slots: Propulsion x1, Utility x1 1083 | -9/Materials | Self-destructed Last Messages --------------- 01058_ S-10 Pest destroyed. 01061_ Chain reaction triggered in Lgt. Ion Engine. 01061_ S-10 Pest destroyed. 01065_ T-07 Excavator is excavating. 01065_ Acquired 5 matter. 01066_ Acquired Lgt. Assault Rifle. 01068_ Acquired 7 matter. 01068_ T-07 Excavator is excavating. 01075_ Acquired 61 matter. 01077_ O-16 Technician: "IFF HANDSHAKE FAILED. SECURING TERMINAL." 01077_ Destroyed Datajack. 01079_ K-01 Serf collects debris. 01080_ Door malfunctions. 01081_ O-16 Technician uses terminal to summon reinforcements. 01081_ ALERT: Hostiles spotted, dispatching reinforcements to Terminal M001. 01081_ O-16 Technician locks terminal. Map ----- +----------------------------------------------------+ | ??????????????????????# """ # #???? | | ??????????????????????# """ # #???? | | ??????????????????????# """ # #???? | | ??????????????????????# + #???? | | ??????????????????????# """ # #???? | | ??????????????????????# """ # #???? | | ??????????????????????# [ """ # ##??? | | ??????????????????????# = + #??? | | ????????????????????#######+#### #??? | | ????????????????????# # #??? | | ????????????????????# #??? | | ????????????????????# # #??? | | ????????????????????# " #??? | | ????????????????????# ####" [ #??? | | ?????????????????????????#" #"####+#### | | ?????????????????????????## ##### # | | ??????????????????????????# #???# [ # | | ?????????????????????######+#???# # | | ?????????????????????# #???# """" # | | ?????????????????????# !!! #???# """" # | | ?????????????????????# !!! #???# """" # | | ?????????????????????# !!! #???######## | | ?????????????????????# #??????????? | | ?????????????????????# % #??????????? | | ??????????????# #######/###??????????? | | ??????????????# @ #??????????? | | ??????????????# k #??????????? | | ??????????????# #??????????? | | ??????????????###### ###/##??????????? | | ???????????????????# ??? o???????????? | | ???????????????????# ???? ???????????? | | ???????????????????# ????"""??????????? | | ???????????????????# ?????"""??????????? | | ???????????????????#??????""" ?????????? | | ??????????????????????????? ?????????? | | ???????????????????????????????????????? | | ???????????????????????????????????????? | | ???????????????????????????????????????? | | ???????????????????????????????????????? | | ???????????????????????????????????????? | | ???????????????????????????????????????? | | ???????????????????????????????????????? | | ???????????????????????????????????????? | | ???????????????????????????????????????? | | ???????????????????????????????????????? | | ???????????????????????????????????????? | | ???????????????????????????????????????? | | ???????????????????????????????????????? | | ???????????????????????????????????????? | | ???????????????????????????????????????? | +----------------------------------------------------+ Best States ------------- Heat Dissipation 38 Energy Generation 10 Energy Capacity 250 Matter Stores 300 Matter Capacity 300 Sight Range 16 Terrain Scan Density 10 ECM Strength 1 Evasion (%) 55 Recoil Reduction 2 Offensive Hacking 10 Item Schematics ----------------- None Robot Schematics ------------------ None Fabricated ------------ Nothing Alien Tech Used ----------------- None Achievements -------------- None Challenges ------------ None Game ------ Seed ComponentGunLattice Manual? 0 Play Time 00:11:15 Cumulative 74.6 hours Start 2024.05.12 @ 11:49:40 End 2024.05.12 @ 12:11:55 Sessions 1 Manual Loads 0 Difficulty Rogue Special Mode None Game No. 123 Rogue 98 Adventurer 25 Explorer 0 Win Type - Total 0 Types 0/0/0/0/0/0/0/0/0 Lore% 23 Gallery% 42 Achievement% 31 Wizard Run 0 Options --------- Layout 1 ASCII 0 Keyboard 0 Movement Mouse Keybinds 0 Fullscreen 2 Font 24/Smallcaps Map View 50x35 Zoom Use 0% Tactical HUD 1 Map Filters NONE Filters NONE Steam 1 RUN: 4a15dc62-083a-41f9-bd9d-5d4c6ce7dcf0